 Dungeon Crawl Stone Soup version 0.30.0-29-ga12c61a403 (webtiles) character file.

Game seed: 11739131695030278092

66 DildoBatman the Conjurer (level 4, 0/32 HPs)
             Began as a Formicid Conjurer on June 8, 2023.
             Slain by a ball python (2 damage)
             ... on level 3 of the Dungeon.
             The game lasted 00:03:37 (1647 turns).

DildoBatman the Conjurer (Formicid Conjurer)        Turns: 1647, Time: 00:03:37

Health: 0/32       AC:  2    Str: 18    XL:     4   Next: 37%
Magic:  8/8        EV:  9    Int: 19    God:
Gold:   108        SH:  0    Dex: 12    Spells: 5/8 levels left

rFire   . . .        b - +0 sling
rCold   . . .        (no shield)
rNeg    . . .        n - +0 robe
rPois   .            (helmet unavailable)
rElec   .            (no cloak)
rCorr   .            (no gloves)
SInv    +            (no boots)
Will    .....        (no amulet)
Stlth   ++           e - +6 ring of strength
HPRegen 0.25/turn    (no ring)
MPRegen 0.11/turn

%: no passive effects
@: constricted
A: permanent stasis, dig shafts and tunnels, antennae 3, four strong arms
a: Dig, Shaft Self


You were on level 3 of the Dungeon.
You visited 1 branch of the dungeon, and saw 3 of its levels.

You collected 108 gold pieces.

Inventory:

Hand Weapons
 a - a +0 falchion
 b - a +0 sling (weapon)
 c - a +0 short sword
Missiles
 l - 8 poisoned darts
 m - 2 javelins
Armour
 n - a +0 robe (worn)
Jewellery
 e - a +6 ring of strength (left hand)
 k - a ring of fire
Scrolls
 d - a scroll of identify {unknown}
 i - a scroll of noise {unknown}
 j - a scroll of magic mapping {unknown}
 o - a scroll of enchant armour {unknown}
Potions
 f - 4 potions of curing {unknown}
 g - 2 potions of flight {unknown}
 h - 2 potions of attraction {unknown}
 p - a potion of magic
 q - a potion of heal wounds {unknown}


   Skills:
 * Level 1.2 Fighting
 * Level 1.2 Armour
 * Level 2.3 Dodging
 - Level 3.0 Stealth
 * Level 2.7 Spellcasting
 * Level 3.9 Conjurations


You had 5 spell levels left.
You knew the following spells:

 Your Spells              Type           Power      Damage    Failure   Level
a - Searing Ray           Conj           34%        2d5       4%          2
c - Magic Dart            Conj           68%        1d6       3%          1

Your spell library contained the following spells:

 Spells                   Type           Power      Damage    Failure   Level
 Dazzling Flash           Conj/Hex       20%        N/A       22%         3
 Call Imp                 Summ           4%         N/A       24%         2
 Mephitic Cloud           Conj/Pois/Air  7%         N/A       28%         3
 Fulminant Prism          Conj/Hex       5%         3d7       56%         4
 Iskenderun's Mystic Bla  Conj/Tloc      10%        2d4       56%         4


Dungeon Overview and Level Annotations

Branches:
Dungeon (2/15)

Altars:

Annotations:
D:1 1 exclusion


Innate Abilities, Weirdness & Mutations

You cannot be hasted, slowed, berserked, paralysed or teleported.
You can dig through walls and to a lower floor.
You have a pair of large antennae on your head. (SInv)
Your four strong arms can wield two-handed weapons with a shield.


Message History

The ball python bites you. The ball python constricts you.
The ball python bites you. The ball python constricts you.
What are your orders? t - Shout!
Orders for allies: a - Attack new target. r - Retreat! s - Stop attacking. g - Guard the area. f - Follow me.
Anything else - Cancel.
You shout for attention!
The ball python bites you but does no damage.
The ball python constricts you. What are your orders? t - Shout!
Orders for allies: a - Attack new target. r - Retreat! s - Stop attacking. g - Guard the area. f - Follow me.
Anything else - Cancel.
You shout for attention!
The ball python bites you. The ball python constricts you.
What are your orders? t - Shout!
Orders for allies: a - Attack new target. r - Retreat! s - Stop attacking. g - Guard the area. f - Follow me.
Anything else - Cancel.
You shout for attention!
The ball python closely misses you. The ball python constricts you.
What are your orders? t - Shout!
Orders for allies: a - Attack new target. r - Retreat! s - Stop attacking. g - Guard the area. f - Follow me.
Anything else - Cancel.
You shout for attention!
The ball python bites you.
You die...

. .. ... ....##
......######
...........#
......S@...#
...........#
...........#
..$...!......
...............
.#######.#.....
.#..... .#.....


You could see a ball python.

Vanquished Creatures
  An adder (D:2)
  A worm (D:2)
  2 dart slugs
  3 ball pythons
  4 endoplasms
  2 giant cockroaches
  2 goblins
  7 hobgoblins
  3 jackals (D:2)
  2 quokkas (D:1)
  4 bats (D:2)
  5 frilled lizards
  5 kobolds
  6 rats
47 creatures vanquished.

Notes
Turn   | Place    | Note
-------+----------+-------------------------------------------
     0 | D:1      | DildoBatman the Formicid Conjurer began the quest for the
                  | Orb.
     0 | D:1      | Reached XP level 1. HP: 13/13 MP: 3/3
   138 | D:1      | Reached XP level 2. HP: 20/20 MP: 0/5
   141 | D:1      | Learned a level 2 spell: Searing Ray
   509 | D:1      | Reached XP level 3. HP: 25/25 MP: 3/6
  1250 | D:2      | Reached skill level 1 in Fighting
  1250 | D:2      | Reached skill level 1 in Armour
  1329 | D:2      | Reached XP level 4. HP: 29/32 MP: 3/7
  1603 | D:2      | You fall into a shaft and drop 1 floor!
  1647 | D:3      | Slain by a ball python

Illustrated notes

Levels and vault maps discovered:
D:1:      tarquinn_simple_flora_water_d, layout_basic,
          chequers_serial_rivers_small_3, minmay_pentomino_p4
D:2:      layout_rooms, minivault_4
D:3:      layout_basic, dreamdust_ecumenical_altar_hidden_monk_grotto,
          uniq_sigmund, uniq_natasha

Skill      XL: |  1  2  3 |
---------------+----------+-----
Dodging        | 2 |  2.3
Fighting       | 1 |  1.2
Armour         | 1 |  1.2
Stealth        | 3 |  3.0
Spellcasting   | |  2.7
Conjurations   | |  3.9

Action                     |  1- 3 |  4- 6 || total
---------------------------+-------+-------++-------
  Melee: Short sword       |    43 |       ||    43
         Unarmed           |     1 |       ||     1
         Falchion          |     5 |       ||     5
   Fire: Sling             |    14 |    10 ||    24
   Cast: Magic Dart        |    28 |       ||    28
         Searing Ray       |     7 |     1 ||     8
Ability: Shaft Self        |       |     1 ||     1
   Stab: Sleeping          |     2 |       ||     2
 Armour: Robe              |    12 |     7 ||    19
  Dodge: Dodged            |    40 |    29 ||    69
